 Dungeon Crawl Stone Soup version 0.29.1-1-gd02db6906a (webtiles) character file.

Game seed: 4214930008841887551

175 themarg the Spear-Bearer (level 5, -3/41 HPs)
             Began as a Gnoll Wanderer on Sept 19, 2022.
             Was an Initiate of Nemelex Xobeh.
             Killed by nerve-wracking pain
             ... invoked by an orc priest
              (12 damage)
             ... on level 4 of the Dungeon.
             The game lasted 00:12:31 (4152 turns).

themarg the Spear-Bearer (Gnoll Wanderer)           Turns: 4152, Time: 00:12:32

Health: -3/41      AC:  4    Str: 14    XL:     5   Next: 55%
Magic:  9/9        EV: 11    Int: 10    God:    Nemelex Xobeh [......]
Gold:   165        SH:  4    Dex: 12    Spells: 9/10 levels left

rFire   . . .      SeeInvis .   l - +4 dagger
rCold   . . .      Faith    .   b - +0 buckler
rNeg    . . .      Spirit   .   d - +0 leather armour
rPois   .          Reflect  .   (no helmet)
rElec   .          Harm     .   (no cloak)
rCorr   .          Rampage  .   (no gloves)
Will    .....                   s - +0 pair of boots
Stlth   +.........              (no amulet)
HPRegen 0.13/turn               (no ring)
MPRegen 0.11/turn               (no ring)

@: no status effects
A: fangs 1, strong nose, distributed training
a: Renounce Religion, Draw Escape, Draw Destruction, Draw Summoning


You were on level 4 of the Dungeon.
You worshipped Nemelex Xobeh.
Nemelex Xobeh was noncommittal.
You visited 2 branches of the dungeon, and saw 5 of its levels.

You collected 165 gold pieces.

Inventory:

Hand Weapons
 a - a +2 spear
 l - a +4 dagger (weapon)
Armour
 b - a +0 buckler (worn)
 d - a +0 leather armour (worn)
 s - a +0 pair of boots (worn)
Scrolls
 f - a scroll of teleportation {unknown}
 k - a scroll of magic mapping {unknown}
 m - 2 scrolls of noise {unknown}
 p - a scroll of vulnerability {unknown}
 q - a scroll of enchant weapon {unknown}
 u - a scroll of amnesia {unknown}
Potions
 c - a potion of lignification
 e - a potion of resistance {unknown}
 g - 3 potions of magic
 h - a potion of attraction {unknown}
 i - 2 potions of might {unknown}
 j - 3 potions of heal wounds
 n - a potion of haste {unknown}
 o - a potion of brilliance {unknown}
 r - 3 potions of curing {unknown}
 t - a potion of invisibility {unknown}
 v - a potion of ambrosia {unknown}


   Skills:
 + Level 3.0 Fighting
 + Level 1.6 Short Blades
 + Level 1.6 Long Blades
 + Level 1.6 Axes
 + Level 1.6 Maces & Flails
 + Level 10.5 Polearms
 + Level 1.6 Staves
 + Level 1.6 Ranged Weapons
 + Level 1.6 Throwing
 + Level 1.6 Armour
 + Level 1.6 Dodging
 + Level 1.6 Stealth
 + Level 3.0 Shields
 + Level 1.6 Unarmed Combat
 + Level 3.2 Spellcasting
 + Level 1.3 Conjurations
 + Level 1.3 Hexes
 + Level 1.3 Summonings
 + Level 1.3 Necromancy
 + Level 1.3 Translocations
 + Level 1.3 Transmutations
 + Level 1.3 Fire Magic
 + Level 1.3 Ice Magic
 + Level 1.3 Air Magic
 + Level 1.3 Earth Magic
 + Level 4.0 Poison Magic
 + Level 1.8 Invocations
 + Level 1.6 Evocations


You had 9 spell levels left.
You knew the following spells:

 Your Spells              Type           Power      Damage    Failure   Level
a - Sting                 Tmut/Pois      24%        1d4       16%         1

Your spell library contained the following spells:

 Spells                   Type           Power      Damage    Failure   Level
 Spider Form              Tmut/Pois      6%         N/A       43%         3
 Summon Guardian Golem    Hex/Summ       4%         N/A       63%         3
 Orb of Destruction       Conj           2%         9d5       100%        7
 Spellforged Servitor     Conj/Summ      2%         N/A       100%        7


Dungeon Overview and Level Annotations

Branches:
Dungeon (4/15)             Temple (1/1) D:4

Altars:
Elyvilon
Fedhas
Gozag
Kikubaaqudgha
Nemelex Xobeh
Qazlal
Sif Muna
Trog
Vehumet
Wu Jian
Xom
Yredelemnul
Zin
The Shining One

Shops:
D:1 [

Annotations:
D:3 exclusion: black bear
D:4 Sigmund


Innate Abilities, Weirdness & Mutations

You have very sharp teeth.
Your uncanny sense of smell can sniff out nearby items.
Your experience applies equally to all skills.


Message History

You hear a shout! x2 2 orcs and an orc priest come into view.
The orc priest shouts!
You hear a shout!
The orc priest looks encouraged for a moment.
An orc priest comes into view. It is wielding a +0 hand axe.
The orc moves out of view.
You hit the orc.
The orc is severely wounded.
The orc barely misses you. The orc wizard closely misses you.
You hit the orc.
You kill the orc!
The orc wizard points at you and mumbles some strange words.
The magic dart hits you.
You closely miss the orc wizard.
You bite the orc wizard, but do no damage.
The orc wizard misses you.
The orc priest attacks as you move away!
The orc priest barely misses you.
The orc wizard attacks as you move away!
The orc wizard hits you with a +0 dagger.
The orc priest attacks as you move away!
The orc priest barely misses you.
The orc priest attacks as you move away!
The orc priest hits you with a +0 dagger.
The orc priest attacks as you move away!
The orc priest hits you but does no damage.
The orc wizard gestures wildly while chanting.
The orc wizard flickers and vanishes!
Deactivating autopickup; reactivate with Ctrl-A.
The orc priest attacks as you move away!
The orc priest barely misses you.
The orc priest mumbles some strange prayers to Beogh against you.
Beogh smites you!
* * * LOW HITPOINT WARNING * * *
You hit the orc priest.
The orc priest is moderately wounded.
The orc priest invokes the aid of Beogh against you.
Pain shoots through your body!
You die...
Your body disappears without a glow.

#..(⌠#.# ∆ #########.########
#.....###........#
###.#.......##..##.#
#...#...####........ #.####.##
#.#.#.#.# ##.# #.# #........
##########.o####.#####.#......
........>..oo@..>.............
###......###....####.#...>..
#)...########..............
#...####....# #.####..#......
#...... #..#### #.# ##........
..##..# #.## #.## #..#.#.#.# .
#..# ##.# #..###......... ...#
##..# ##..##..###.##. ...#
#..## ##.##..# #.#..


You could see 2 orc priests and an orc.

Vanquished Creatures
  2 hounds (D:4)
  3 adders
  2 adder zombies (D:3)
  A worm (D:2)
  2 orcs
  10 bats
  8 endoplasms
  2 giant cockroaches (D:1)
  6 goblins
  4 hobgoblins
  4 jackals (D:3)
  6 quokkas
  10 ball pythons
  2 frilled lizards
  10 kobolds
  4 rats
76 creatures vanquished.

Notes
Turn   | Place    | Note
-------+----------+-------------------------------------------
     0 | D:1      | Reached skill level 10 in Polearms
     0 | D:1      | themarg the Gnoll Wanderer began the quest for the Orb.
     0 | D:1      | themarg set off with the following items: a +2 spear, a +0
                  | buckler, a potion of lignification, a +0 leather armour;
                  | and the following spell memorised: Sting; and the following
                  | spells available to memorise: Spider Form.
     0 | D:1      | Reached XP level 1. HP: 17/17 MP: 4/4
   210 | D:1      | Found a faded altar of an unknown god.
   224 | D:1      | Reached XP level 2. HP: 23/23 MP: 5/5
   466 | D:1      | Found Ytumpip's Antique Armour Emporium.
   843 | D:1      | Reached XP level 3. HP: 27/28 MP: 7/7
  1121 | D:2      | Reached skill level 1 in Invocations
  1647 | D:2      | Reached skill level 1 in Short Blades
  1647 | D:2      | Reached skill level 1 in Long Blades
  1647 | D:2      | Reached skill level 1 in Axes
  1647 | D:2      | Reached skill level 1 in Maces & Flails
  1647 | D:2      | Reached skill level 1 in Staves
  1647 | D:2      | Reached skill level 1 in Ranged Weapons
  1647 | D:2      | Reached skill level 1 in Throwing
  1647 | D:2      | Reached skill level 1 in Armour
  1647 | D:2      | Reached skill level 1 in Dodging
  1647 | D:2      | Reached skill level 1 in Stealth
  1647 | D:2      | Reached skill level 1 in Unarmed Combat
  1647 | D:2      | Reached skill level 1 in Evocations
  2134 | D:2      | Reached XP level 4. HP: 16/34 MP: 8/8
  2497 | D:3      | Found a bloodstained altar of Trog.
  2737 | D:3      | Reached skill level 1 in Conjurations
  2737 | D:3      | Reached skill level 1 in Hexes
  2737 | D:3      | Reached skill level 1 in Summonings
  2737 | D:3      | Reached skill level 1 in Necromancy
  2737 | D:3      | Reached skill level 1 in Translocations
  2737 | D:3      | Reached skill level 1 in Transmutations
  2737 | D:3      | Reached skill level 1 in Fire Magic
  2737 | D:3      | Reached skill level 1 in Ice Magic
  2737 | D:3      | Reached skill level 1 in Air Magic
  2737 | D:3      | Reached skill level 1 in Earth Magic
  2958 | D:3      | Found a basalt altar of Yredelemnul.
  3052 | D:3      | Noticed a black bear
  3566 | D:4      | Reached XP level 5. HP: 15/41 MP: 9/9
  3762 | D:4      | Noticed Sigmund
  3915 | D:4      | Found a staircase to the Ecumenical Temple.
  3926 | Temple   | Entered the Ecumenical Temple
  3926 | Temple   | Found a transporter.
  3926 | Temple   | Found a transporter.
  3929 | Temple   | Found a transporter.
  3929 | Temple   | Found a transporter.
  3971 | Temple   | Became a worshipper of Nemelex Xobeh the Trickster
  4103 | D:4      | Found an ornate altar of the Wu Jian Council.
  4152 | D:4      | Killed from afar by an orc priest

Illustrated notes

Levels and vault maps discovered:
D:1:      erik_arrival_triangle_small, layout_basic, serial_shops, shop,
          hellmonk_ecumenical_altar_crossroads, serial_forest,
          infiniplex_forest_clump_medium, infiniplex_forest_corner_1,
          infiniplex_forest_straight_4, infiniplex_forest_clump_curved,
          serial_bayou_pond_d
D:2:      layout_basic, kennysheep_cross_room
D:3:      layout_basic, lemuel_zombie_altar_yredelemnul, lemuel_crystal_altar
D:4:      layout_rooms, mainiacjoe_overflow_alcove_2, minmay_temple_entry_glass,
          uniq_sigmund
Temple:   hellmonk_temple_divided_pantheon

Skill      XL: |  1  2  3  4  5 |
---------------+----------------+-----
Polearms       | | 10.5
Invocations    | 1 |  1.8
Short Blades   | 1 |  1.6
Long Blades    | 1 |  1.6
Axes           | 1 |  1.6
Maces & Flails | 1 |  1.6
Staves         | 1 |  1.6
Ranged Weapons | 1 |  1.6
Throwing       | 1 |  1.6
Armour         | 1 |  1.6
Dodging        | 1 |  1.6
Stealth        | 1 |  1.6
Unarmed Combat | 1 |  1.6
Evocations     | 1 |  1.6
Spellcasting   | 3 |  3.2
Conjurations   | 1 |  1.3
Hexes          | 1 |  1.3
Summonings     | 1 |  1.3
Necromancy     | 1 |  1.3
Translocations | 1 |  1.3
Transmutations | 1 |  1.3
Fire Magic     | 1 |  1.3
Ice Magic      | 1 |  1.3
Air Magic      | 1 |  1.3
Earth Magic    | 1 |  1.3
Fighting       | 3 |  3.0
Shields        | 3 |  3.0
Poison Magic   | 4 |  4.0

Action                   |  1- 3 |  4- 6 || total
-------------------------+-------+-------++-------
Melee: Spear             |    88 |       ||    88
       Bite              |    10 |    13 ||    23
       Punch             |     1 |       ||     1
       Dagger            |    59 |   104 ||   163
  Use: Scroll            |       |     2 ||     2
 Stab: Sleeping          |     3 |     3 ||     6
Armor: Leather armour    |    40 |    31 ||    71
Dodge: Dodged            |    84 |    59 ||   143
Block: Buckler           |       |    16 ||    16
